 Dungeon Crawl Stone Soup version 0.28.0-43-g3370ac3207 (webtiles) character file.

Game seed: 9637231723025951419

2 Milton the Charlatan (level 1, -1/9 HPs)
             Began as a Felid Artificer on Mar 6, 2022.
             Slain by a gnoll
             ... wielding a +2 spear of venom
              (10 damage)
             ... on level 1 of the Dungeon.
             The game lasted 00:01:01 (215 turns).

Milton the Charlatan (Felid Artificer)               Turns: 215, Time: 00:01:02

Health: -1/9       AC:  1    Str:  8    XL:     1   Next: 33%
Magic:  2/2        EV: 18    Int: 12    God:
Gold:   8          SH:  0    Dex: 16    Spells: 0/0 levels left
                                        Lives:  0   Deaths: 0

rFire   . . .      SeeInvis +   (weapon unavailable)
rCold   . . .      Faith    .   (shield unavailable)
rNeg    . . .      Spirit   .   (armour unavailable)
rPois   .          Reflect  .   (helmet unavailable)
rElec   .          Harm     .   (cloak unavailable)
rCorr   .          Rampage  .   (gloves unavailable)
Will    .....                   (boots unavailable)
Stlth   ++........              (no amulet)
HPRegen 0.03/turn               (no ring)
MPRegen 0.08/turn               (no ring)

@: quick
A: very small, claws 1, fangs 3, see invisible, speed 1, shaggy fur 1, stealthy
paws, no weapons or thrown items, no armour, multi-lived
a: no special abilities


You were on level 1 of the Dungeon.
You visited 1 branch of the dungeon, and saw 1 of its levels.

You collected 8 gold pieces.

Inventory:

Wands
 a - a wand of flame (14) (quivered)
 b - a wand of charming (15)
Scrolls
 d - a scroll of enchant weapon {unknown}
Miscellaneous
 c - a piece from Xom's chessboard (12/15)


   Skills:
 * Level 1.0 Fighting
 * Level 3.3 Dodging
 * Level 1.4 Stealth
 * Level 3.3 Evocations


You couldn't memorise any spells.
You didn't know any spells.
Your spell library was empty.

Dungeon Overview and Level Annotations

Branches:
Dungeon (1/15)

Altars:


Innate Abilities, Weirdness & Mutations

You have sharp claws.
You have razor-sharp teeth.
You have supernaturally acute eyesight. (SInv)
You cover ground quickly. (Speed+)
You are covered in fur. (AC +1)
Your paws help you pounce on unaware monsters.
You are incapable of wielding weapons or throwing items.
You cannot wear armour.
You gain extra lives every three experience levels.


Message History

You kill the endoplasm!
You start resting.
HP restored.
d - a scroll labelled KUECED YGHOAR A hobgoblin comes into view.
You pounce on the unaware helpless hobgoblin!
You scratch the hobgoblin.
The hobgoblin is moderately wounded.
The hobgoblin hits you.
You make a move on Xom's chessboard...
The hobgoblin is moving more slowly.
The hobgoblin misses you.
The hobgoblin stops moving altogether!
The helpless hobgoblin fails to defend itself.
You scratch the hobgoblin.
The hobgoblin is severely wounded.
You pounce on the unaware helpless hobgoblin!
You scratch the hobgoblin. You bite the hobgoblin.
You kill the hobgoblin!
A gnoll comes into view. It is wielding a +2 spear of venom.
The gnoll shouts!
The gnoll barely misses you.
You make a move on Xom's chessboard...
The gnoll struggles to resist.
The gnoll closely misses you.
Aiming: Throw Flame
Press: ? - help, Q - select action, (/) - cycle Shift-Dir - straight line, f - gnoll
Aim: a gnoll, wielding a +2 spear of venom (75% to hit)
The puff of flame hits the gnoll.
The gnoll is heavily wounded.
The gnoll misses you.
You barely miss the gnoll.
The gnoll is heavily wounded.
The gnoll closely misses you.
You scratch the gnoll. Your bite misses the gnoll.
The gnoll is heavily wounded.
The gnoll closely misses you.
You barely miss the gnoll.
The gnoll is heavily wounded.
The gnoll hits you with a +2 spear of venom!
Ouch! That really hurt!
You die...

..........
......# ......#
..#...# .##...#
.# ...#
.########+##
...........#
####+#####
#######....#
#..@g....#
#....###........#
#...............#
##+####.....#####
#######


You could see a gnoll.

Vanquished Creatures
  An endoplasm (D:1)
  A hobgoblin (D:1)
2 creatures vanquished.

Notes
Turn   | Place    | Note
-------+----------+-------------------------------------------
     0 | D:1      | Milton the Felid Artificer began the quest for the Orb.
     0 | D:1      | Reached XP level 1. HP: 9/9 MP: 2/2
   215 | D:1      | Slain by a gnoll

Illustrated notes

Levels and vault maps discovered:
D:1:      minmay_arrival_solitary_statue, layout_basic, serial_shops,
          nicolae_shop_statue_plus, hellmonk_ecumenical_altar_slurped_away

Action                   || total
-------------------------++-------
Melee: Unarmed           ||    12
       Bite              ||     1
Evoke: Piece from Xom's  ||     3
       Wand              ||     1
 Stab: Petrified         ||     2
       Sleeping          ||     1
Dodge: Dodged            ||     9
